 Dungeon Crawl Stone Soup version 0.23-a0-49-gd9f7a49 (webtiles) character file.

219 Treefire the Bolt Thrower (level 5, 0/41 HPs)
             Began as a Centaur Arcane Marksman on Aug 6, 2018.
             Slain by a hound (6 damage)
             ... on level 4 of the Dungeon.
             The game lasted 00:18:58 (5155 turns).

Treefire the Bolt Thrower (Centaur Arcane Marksman) Turns: 5155, Time: 00:18:58

Health: 0/41       AC:  5    Str: 14    XL:     5   Next: 63%
Magic:  6/6        EV:  9    Int: 12    God:
Gold:   125        SH:  0    Dex:  9    Spells: 2/6 levels left

rFire    . . .     SeeInvis .   y - +0 blowgun
rCold    . . .     Gourm    .   (no shield)
rNeg     . . .     Faith    .   e - +0 robe
rPois    .         Spirit   .   (no helmet)
rElec    .         Reflect  .   (no cloak)
rCorr    .         Harm     .   i - +0 pair of gloves {archery}
MR       .....                  (no barding)
Stlth    +.........             (no amulet)
HPRegen  0.13/turn              (no ring)
MPRegen  0.10/turn              (no ring)

@: very quick
A: large, hooves 3, deformed body, speed 2, tough skin 3
a: no special abilities


You were on level 4 of the Dungeon.
You were not hungry.

You visited 1 branch of the dungeon, and saw 4 of its levels.

You collected 125 gold pieces.

Inventory:

Hand Weapons
 a - a +0 hand crossbow
 m - a +0 hunting sling
 y - a +0 blowgun (weapon)
 D - a +0 spear
Missiles
 b - 15 sling bullets
 d - 39 bolts
 k - 19 stones
 l - 19 arrows
 x - 17 poisoned needles (quivered)
 A - 3 tomahawks
Armour
 e - a +0 robe (worn)
 i - a +0 pair of gloves of archery (worn)
Jewellery
 t - an uncursed amulet of faith {unknown}
 C - an uncursed ring of wizardry {unknown}
Scrolls
 c - 2 scrolls of amnesia {unknown}
 j - 6 scrolls of teleportation {unknown}
 n - 6 scrolls of identify {unknown}
 o - 2 scrolls of fog {unknown}
 q - a scroll of random uselessness {unknown}
 u - a scroll of magic mapping {unknown}
 w - a scroll of remove curse {unknown}
 z - a scroll of blinking {unknown}
 B - a scroll of enchant weapon {unknown}
Potions
 g - a potion of agility {unknown}
 h - a potion of berserk rage {unknown}
 p - a potion of resistance {unknown}
 r - a potion of curing {unknown}
 s - 3 potions of flight {unknown}
 E - a potion of mutation {unknown}
Comestibles
 f - 5 rations


   Skills:
 - Level 2.0 Fighting
 + Level 5.6 Crossbows
 - Level 1.3 Dodging
 - Level 1.0 Unarmed Combat
 - Level 1.2 Spellcasting
 - Level 3.0 Hexes


You had 2 spell levels left.
You knew the following spells:

 Your Spells              Type           Power        Failure   Level  Hunger
a - Corona                Hex            #......      9%          1    ##.....
b - Portal Projectile     Hex/Tloc       #.....       43%         3    ####...

Your spell library contained the following spells:

 Spells                   Type           Power        Failure   Level  Hunger
 Cause Fear               Hex            #.........   65%         4    #####..
 Slow                     Hex            #.......     13%         2    ###....
 Leda's Liquefaction      Hex/Erth       #.........   85%         4    #####..
 Inner Flame              Hex/Fire       #.......     43%         3    ####...


Dungeon Overview and Level Annotations

Branches:
Dungeon (4/15)
 Temple: D:4-7

Altars:


Innate Abilities, Weirdness & Mutations

You have hooves in place of feet.
Armour fits poorly on your strangely shaped body.
You cover ground very quickly.
You have extremely tough skin. (AC +3)


Message History

Press: ? - help, Shift-Dir - straight line, f/p - hound
Aim: a hound (severely wounded)
You shoot a poisoned needle.
The poisoned needle closely misses the hound.
The hound barely misses you. The hound closely misses you.
Firing (i - inventory. (/) - cycle)
x - 19 poisoned needles (quivered)
Press: ? - help, Shift-Dir - straight line, f/p - hound
Aim: a hound (severely wounded)
You shoot a poisoned needle. The poisoned needle hits the hound.
The hound is severely wounded.
The hound bites you.
* * * LOW HITPOINT WARNING * * *
Firing (i - inventory. (/) - cycle)
x - 18 poisoned needles (quivered)
Press: ? - help, Shift-Dir - straight line, f/p - hound
Aim: a hound (severely wounded)
You shoot a poisoned needle.
The poisoned needle barely misses the hound.
The hound closely misses you. The hound bites you.
You die...

#######'#####.##........#
#.........# #.##........#
#.........# #.##........#
#.........# #.##........#
#.........# #.##.......[#
#.........# #.##....(...#####
#.........###.######'#<......
............##.######.########
...###.......@h.......# ..
#.####..#.######## #. #.....#
#. #.....# ..........
+.....>....# #..........#
#..........# #.....(()..#


You could see a hound.

Vanquished Creatures
  An orc priest (D:3)
  3 gnolls
  8 adders
  2 adder skeletons (D:4)
  A worm (D:3)
  5 dart slugs
  2 leopard geckos
  8 orcs
  A giant cockroach (D:2)
  6 goblins
  7 hobgoblins
  6 kobolds
  A quokka (D:2)
  2 ball pythons
  8 bats
  6 rats
67 creatures vanquished.

Notes
Turn   | Place    | Note
-------+----------+-------------------------------------------
     0 | D:1      | Treefire the Centaur Arcane Marksman began the quest for the Orb.
     0 | D:1      | Reached XP level 1. HP: 16/16 MP: 2/2
   512 | D:1      | Reached XP level 2. HP: 17/23 MP: 3/3
  1090 | D:1      | Reached skill level 3 in Crossbows
  1118 | D:1      | Reached XP level 3. HP: 28/28 MP: 4/4
  1939 | D:2      | Reached skill level 4 in Crossbows
  2292 | D:2      | Reached XP level 4. HP: 34/35 MP: 5/5
  3233 | D:3      | Reached skill level 5 in Crossbows
  3447 | D:3      | Learned a level 3 spell: Portal Projectile
  3618 | D:3      | Reached XP level 5. HP: 36/40 MP: 6/6
  3709 | D:3      | Reached skill level 1 in Unarmed Combat
  5155 | D:4      | Slain by a hound

Vault maps used:
D:1:      dpeg_arrival_chambers_temple_mockup, feat_on_display
D:2:      grunt_ministairs_10, serial_bayou_pond_e
D:3:      kennysheep_six_static_rooms, first_ration

Skill      XL: |  1  2  3  4  5 |
---------------+----------------+-----
Crossbows      | 3 4 5 |  5.6
Hexes          | 3 |  3.0
Unarmed Combat | 1 |  1.0
Fighting       | 2 |  2.0
Dodging        | |  1.3
Spellcasting   | |  1.2

Action                   |  1- 3 |  4- 6 || total
-------------------------+-------+-------++-------
Melee: Unarmed           |   116 |   121 ||   237
       Kick              |    26 |    21 ||    47
 Fire: Hand crossbow     |    26 |    32 ||    58
       Hunting sling     |       |    16 ||    16
       Blowgun           |       |     5 ||     5
Throw: Stone             |    11 |    14 ||    25
 Cast: Corona            |       |     1 ||     1
  Eat: Chunk             |     3 |     8 ||    11
Armor: Robe              |    52 |    36 ||    88
Dodge: Dodged            |    59 |    59 ||   118

Table legend:
 A = Spawn XP
 B = Non-spawn XP
 C = Spawn XP percentage of total XP
 D = Spawn monster count
 E = Non-spawn monster count
 F = Spawn count percentage of total count
 G = Total turns spent on level
                    A         B        C        D         E        F      G
               +---------+---------+-------+---------+---------+-------+---------
         Total |       0 |     313 |   0.0 |       0 |      67 |   0.0 |  5155
               +---------+---------+-------+---------+---------+-------+---------
           D:1 |       0 |      45 |   0.0 |       0 |      16 |   0.0 |  1205
           D:2 |       0 |      75 |   0.0 |       0 |      21 |   0.0 |  1972
           D:3 |       0 |     170 |   0.0 |       0 |      27 |   0.0 |  1761
           D:4 |       0 |      23 |   0.0 |       0 |       3 |   0.0 |   217
               +---------+---------+-------+---------+---------+-------+---------
